 Dungeon Crawl Stone Soup version 0.27-a0-1200-g94dc6ad4cf (webtiles) character file.

Game seed: 87411389658825029

6428 Zonian the Conjurer (level 11, -2/78 (80) HPs)
             Began as a Human Conjurer on May 30, 2021.
             Was a Priest of Ashenzari.
             Slain by Joseph
             ... wielding a +0 quarterstaff
              (18 damage)
             ... on level 8 of the Dungeon.
             The game lasted 00:30:30 (18226 turns).

Zonian the Conjurer (Human Conjurer)               Turns: 18226, Time: 00:30:31

HP:   -2/78 (80)    AC:  8    Str:  9    XL:     11   Next: 18%
MP:   12/21         EV: 13    Int: 24    God:    Ashenzari [***...]
Gold: 243           SH:  0    Dex: 11    Spells: 10/23 levels left

rFire    + . .     SeeInvis +   m - +4 falchion "Pragmatism of the Sky" {freeze, Bglg, Melee} (curse)
rCold    + . .     Faith    .   (no shield)
rNeg     . . .     Spirit   .   y - +2 steam dragon scales of Ashenzari's Henotheism {Range, Melee} (curse)
rPois    .         Reflect  .   q - +1 hat of Panopticon {Int+3, Melee, Alch} (curse)
rElec    .         Harm     .   u - scarf "I Knew You'd Do That" {rC+ rF+, Alch, Melee} (curse)
rCorr    .         Rampage  .   (no gloves)
Will     .....     Clarity  +   (no boots)
Stlth    +++.......             (no amulet)
HPRegen  0.23/turn              j - ring "Apathy of the Sky" {Wiz, Bglg, Elem} (curse)
MPRegen  0.17/turn              (no ring)

@: lightly drained
A: no striking features
a: Renounce Religion, Shatter the Chains


You were on level 8 of the Dungeon.
You worshipped Ashenzari.
Ashenzari was most pleased with you.
You visited 1 branch of the dungeon, and saw 8 of its levels.

You collected 243 gold pieces.

Inventory:

Hand Weapons
 b - a +4 scimitar
 e - a +1 spear
 g - a +5 halberd of freezing
 m - the cursed +4 falchion "Pragmatism of the Sky" (weapon) {freeze, Bglg, Melee}
   (You took it off a wight on level 4 of the Dungeon)

   It has been specially enchanted to freeze those struck by it, causing extra
   injury to most foes and up to half again as much damage against particularly
   susceptible opponents.
   It can also slow down cold-blooded creatures.
   It has a curse which improves the following skills: Beguiling: Conjurations,
   Hexes and Translocations.
   Melee Combat: Short Blades, Long Blades, Axes, Maces & Flails, Polearms,
   Staves and Unarmed Combat.
 n - a +3 trident
 p - a +0 dagger of electrocution
 x - a +2 dagger of venom
Missiles
 r - 5 curare-tipped darts
Armour
 a - a +0 robe
 d - a +0 ring mail
 q - the cursed +1 hat of Panopticon (worn) {Int+3, Melee, Alch}
   (You found it on level 4 of the Dungeon)

   It has a curse which improves the following skills: Melee Combat: Short
   Blades, Long Blades, Axes, Maces & Flails, Polearms, Staves and Unarmed
   Combat.
   Alchemy:   Poison Magic and Transmutations.
 t - a +0 leather armour
 u - the cursed scarf "I Knew You'd Do That" (worn) {rC+ rF+, Alch, Melee}
   (You found it on level 6 of the Dungeon)

   It has a curse which improves the following skills: Alchemy: Poison Magic and
   Transmutations.
   Melee Combat: Short Blades, Long Blades, Axes, Maces & Flails, Polearms,
   Staves and Unarmed Combat.
 y - the cursed +2 steam dragon scales of Ashenzari's Henotheism (worn) {Range, Melee}
   (You took it off Maggie on level 6 of the Dungeon)

   It has a curse which improves the following skills: Ranged Combat: Slings,
   Bows, Crossbows and Throwing.
   Melee Combat: Short Blades, Long Blades, Axes, Maces & Flails, Polearms,
   Staves and Unarmed Combat.
Jewellery
 j - the cursed ring "Apathy of the Sky" (left hand) {Wiz, Bglg, Elem}
   (You found it on level 3 of the Dungeon)

   [ring of wizardry]

   It improves your spell success rate.
   It has a curse which improves the following skills: Beguiling: Conjurations,
   Hexes and Translocations.
   Elements:  Fire Magic, Ice Magic, Air Magic and Earth Magic.
Wands
 k - a wand of paralysis (5)
 A - a wand of charming (9)
Scrolls
 c - 2 scrolls of teleportation
 i - a scroll of blinking
 l - a scroll of fear
 o - 4 scrolls of fog
 s - a scroll of magic mapping
 C - a scroll of amnesia
Potions
 f - 2 potions of resistance
 h - a potion of attraction
 v - a potion of invisibility
 z - 3 potions of berserk rage
 B - a potion of flight


   Skills:
 + Level 5.4 Fighting
 + Level 4.7(9.2) Long Blades
 - Level 2.5(6.2) Polearms
 + Level 3.3 Armour
 + Level 5.7 Dodging
 + Level 6.7 Stealth
 + Level 6.7 Spellcasting
 + Level 7.9(10.8) Conjurations
 + Level 3.6(6.3) Hexes
 + Level 3.6(6.2) Translocations


You had 10 spell levels left.
You knew the following spells:

 Your Spells              Type           Power      Damage    Failure   Level
a - Magic Dart            Conj           100%       1d8       1%          1
b - Searing Ray           Conj           100%       3d7       1%          2
c - Iskenderun's Mystic   Conj/Tloc      49%        2d11      1%          4
d - Dazzling Flash        Conj/Hex       98%        N/A       1%          3
e - Stone Arrow           Conj/Erth      68%        3d11      1%          3

Your spell library contained the following spells:

 Spells                   Type           Power      Damage    Failure   Level
 Corona                   Hex            42%        N/A       1%          1
 Ensorcelled Hibernation  Hex/Ice        46%        N/A       1%          2
 Confusing Touch          Hex            38%        N/A       1%          3
 Tukima's Dance           Hex            38%        N/A       1%          3
 Fulminant Prism          Conj/Hex       24%        3d13      1%          4
 Sandblast                Erth           18%        2d7       2%          1
 Passwall                 Tmut/Erth      7%         N/A       4%          2
 Petrify                  Tmut/Erth      9%         N/A       26%         4
 Lee's Rapid Deconstruct  Erth           4%         3d6*      56%         5


Dungeon Overview and Level Annotations

Branches:
Dungeon (8/15)             Temple (0/1) D:5
   Lair: D:8-11

Altars:
Ashenzari
Dithmenos
Fedhas
Qazlal
Yredelemnul
The Shining One

Annotations:
D:3 2 transporters, tinescath's ghost, amateur OpTm
D:6 1 runed translucent door, pokeman's ghost, novice DEWz
D:8 Joseph


Message History

The searing ray hits Joseph!!
Joseph is moderately wounded.
Joseph hits you with a +0 quarterstaff!
Unknown command.
The searing ray hits Joseph!
Joseph is heavily wounded.
Joseph hits you with a +0 quarterstaff!
Unknown command.
The searing ray hits Joseph.
Joseph is heavily wounded.
You finish channeling your searing ray.
Joseph hits you with a +0 quarterstaff.
Unknown command.
Casting: Searing Ray (safe; 1% risk of failure)
Confirm with . or Enter, or press ? or * to list all spells.
Aiming: Searing Ray (safe; 1% risk of failure)
Press: ? - help, Shift-Dir - straight line, f/p - Joseph
Aim: Joseph, wielding a +0 quarterstaff, wearing a +0 ring mail and quivering sling bullets (heavily wounded, 85% to hit)
The searing ray hits Joseph!
Joseph is heavily wounded. (Press . to maintain the ray.)
An orc warrior comes into view. It is wielding a +0 battleaxe.
Joseph says, "I'm happy to see you. And I'll be happy to kill you."
Joseph hits you with a +0 quarterstaff!
The searing ray hits Joseph!
Joseph is severely wounded.
Joseph misses you.
Unknown command.
The searing ray hits Joseph.
Joseph is severely wounded.
An orc wizard comes into view. It is wielding a +0 dagger.
Joseph hits you with a +0 quarterstaff!!
Unknown command.
The searing ray hits Joseph!
Joseph is almost dead.
You finish channeling your searing ray.
The orc warrior hits you with a +0 battleaxe!
* * * LOW HITPOINT WARNING * * *
Joseph says, "You will never get the ORB, sorry."
Joseph hits you with a +0 quarterstaff!!
You die...

####### ** ###..o...{
#...@o#* *
#######.###@# * ###
#.........#.### ,
##.## #.#####...#...#
* * ##.#.### #.#
#.....#.###.###.###...
#.#
##...............#....
#.#
#..###...>.##........
#.# #...
,.....##...#...) #.#
#.###* .##.##...#....
#.# #.#
*,o#*.###.###...


You could see Joseph, an orc warrior and an orc wizard.

Vanquished Creatures
  A two-headed ogre (D:8)
  A gargoyle (D:7)
  Maggie (D:6)
  2 hornets (D:8)
  Prince Ribbit (D:7)
  3 yaks (D:8)
  A steam dragon (D:7)
  Menkaure (D:6)
  2 water moccasins
  4 orc warriors
  A sky beast (D:8)
  3 black bears
  A necrophage (D:8)
  2 centaurs
  3 phantoms
  2 kobold brigands
  2 bullfrogs
  A water moccasin skeleton (D:7)
  2 jellies
  24 wights
  A howler monkey (D:4)
  A bullfrog zombie (D:5)
  2 centaur zombies (D:7)
  7 hounds
  5 orc priests
  Natasha (thrice) (D:3)
  An iguana (D:5)
  9 orc wizards
  A hound skeleton (D:5)
  A howler monkey zombie (D:5)
  4 adders
  12 gnolls
  A worm (D:2)
  2 dart slugs
  22 orcs
  2 bats
  7 endoplasms
  A giant cockroach (D:4)
  11 goblins
  7 hobgoblins
  9 jackals
  5 quokkas
  5 ball pythons
  A frilled lizard (D:1)
  14 kobolds
  8 rats
200 creatures vanquished.

Vanquished Creatures (others)
  An orc wizard (D:5)
1 creature vanquished.

Grand Total: 201 creatures vanquished

Notes
Turn   | Place    | Note
-------+----------+-------------------------------------------
     0 | D:1      | Zonian the Human Conjurer began the quest for the Orb.
     0 | D:1      | Reached XP level 1. HP: 13/13 MP: 3/3
   351 | D:1      | Reached XP level 2. HP: 19/19 MP: 3/5
   475 | D:1      | Learned a level 2 spell: Searing Ray
  1289 | D:1      | Reached XP level 3. HP: 24/24 MP: 1/6
  2005 | D:2      | Found a broken altar of Ashenzari.
  2014 | D:2      | Became a worshipper of Ashenzari the Shackled
  2399 | D:2      | Found a faded altar of an unknown god.
  2800 | D:2      | Reached XP level 4. HP: 30/30 MP: 2/7
  3078 | D:3      | Noticed tinescath's ghost (amateur OpTm)
  3079 | D:3      | Noticed an ogre
  3080 | D:3      | Found a transporter.
  3082 | D:3      | Found a transporter.
  3085 | D:3      | Identified the +4 dire flail "Mal Loeg" {protect, Will-
                  | Str+4 Int+2}
  3085 | D:3      | Noticed an ogre
  3102 | D:3      | Noticed Natasha
  3343 | D:3      | Killed Natasha
  3344 | D:3      | Reached skill level 5 in Conjurations
  3388 | D:3      | Noticed Natasha
  3522 | D:3      | Killed Natasha
  3523 | D:3      | Reached XP level 5. HP: 19/35 MP: 3/9
  3554 | D:3      | Noticed Natasha
  3691 | D:3      | Killed Natasha
  4346 | D:4      | Noticed a black bear
  4351 | D:3      | Killed a black bear
  4352 | D:3      | Reached skill level 1 in Polearms
  4352 | D:3      | Reached XP level 6. HP: 27/42 MP: 5/11
  5693 | D:4      | Reached XP level 7. HP: 47/47 MP: 5/13
  6029 | D:4      | Reached skill level 1 in Fighting
  6907 | D:4      | Reached skill level 6 in Conjurations
  6923 | D:4      | Reached XP level 8. HP: 45/56 MP: 0/14
  8222 | D:5      | Entered Level 5 of the Dungeon
  8407 | D:5      | Noticed a kobold demonologist
  8409 | D:5      | Noticed a hellwing
  8741 | D:5      | Found a staircase to the Ecumenical Temple.
  8795 | D:5      | Reached skill level 1 in Long Blades
  8795 | D:5      | Reached skill level 5 in Spellcasting
  9632 | D:5      | Reached * piety under Ashenzari
  9638 | D:5      | Learned a level 4 spell: Iskenderun's Mystic Blast
 10492 | D:5      | Reached XP level 9. HP: 63/63 MP: 10/16
 11064 | D:6      | Reached ** piety under Ashenzari
 11101 | D:6      | Reached skill level 5 in Stealth
 11489 | D:6      | Noticed Menkaure
 11557 | D:6      | Found a runed translucent door.
 11558 | D:6      | Noticed pokeman's ghost (novice DEWz)
 11594 | D:6      | Learned a level 3 spell: Dazzling Flash
 11598 | D:6      | Learned a level 3 spell: Stone Arrow
 11782 | D:6      | Found a blossoming altar of Fedhas.
 11885 | D:6      | Killed Menkaure
 12069 | D:6      | Noticed Maggie
 12087 | D:6      | Killed Maggie
 12088 | D:6      | Reached skill level 1 in Hexes
 12088 | D:6      | Reached skill level 1 in Translocations
 12429 | D:7      | Reached skill level 7 in Conjurations
 12913 | D:7      | Reached skill level 1 in Armour
 12913 | D:7      | Reached XP level 10. HP: 72/72 MP: 14/19
 14169 | D:7      | Reached skill level 5 in Dodging
 14501 | D:7      | Found a glowing golden altar of the Shining One.
 14647 | D:7      | Noticed Prince Ribbit
 15053 | D:7      | Noticed a gargoyle
 15060 | D:7      | Killed a gargoyle
 15106 | D:7      | Killed Prince Ribbit
 15345 | D:7      | Found a basalt altar of Yredelemnul.
 15718 | D:8      | Reached skill level 5 in Fighting
 16320 | D:8      | Noticed a two-headed ogre
 16328 | D:8      | Killed a two-headed ogre
 16329 | D:8      | Reached XP level 11. HP: 49/80 MP: 11/20
 17684 | D:8      | Found a stormy altar of Qazlal.
 17737 | D:8      | Reached *** piety under Ashenzari
 18043 | D:8      | Found a shadowy altar of Dithmenos.
 18210 | D:8      | Noticed Joseph
 18226 | D:8      | Slain by Joseph

Illustrated notes

Levels and vault maps discovered:
D:1:      ncdulo_halloftheorcs, layout_rooms
D:2:      layout_basic, basic_altar, basic_ecumenical_altar
D:3:      layout_rooms, gammafunk_ghost_smash, kennysheep_generic_room_11,
          uniq_natasha
D:4:      minmay_angry_zag, layout_gridville
D:5:      layout_gridville, minmay_temple_entry_tees
D:6:      layout_gridville, pf_just_have_faith, gammafunk_ghost_grave,
          uniq_maggie, uniq_menkaure
D:7:      layout_basic, general_overflow_altar, tso_metal_star,
          minmay_misc_feat_x, minmay_misc_feat_nine_boxes, uniq_prince_ribbit1
D:8:      cheibrodos_quashed, layout_loops_ring, lemuel_tele_altar,
          kennysheep_little_box, st_stairs_1, uniq_joseph

Skill      XL: |  1  2  3  4  5  6  7  8  9 10 |
---------------+-------------------------------+-----
Conjurations   | 5 6 7 |  7.9
Spellcasting   | 3 4 5 6 |  6.7
Polearms       | 1 2 |  2.5
Stealth        | 3 4 5 6 |  6.7
Fighting       | 2 3 4 5 |  5.4
Dodging        | 3 4 5 |  5.7
Long Blades    | 2 3 4 |  4.7
Hexes          | 1 3 |  3.6
Translocations | 1 3 |  3.6
Armour         | 1 3 |  3.3

Action                   |  1- 3 |  4- 6 |  7- 9 | 10-12 || total
-------------------------+-------+-------+-------+-------++-------
Melee: Spear             |    16 |     9 |    10 |       ||    35
       Falchion          |       |       |    94 |    49 ||   143
 Cast: Magic Dart        |    73 |    47 |   180 |   117 ||   417
       Searing Ray       |       |    12 |    29 |    24 ||    65
       Stone Arrow       |       |       |     1 |    11 ||    12
       Iskenderun's Myst |       |       |     1 |     2 ||     3
Invok: Curse Item        |       |       |     4 |     1 ||     5
Evoke: Wand              |       |       |     3 |       ||     3
  Use: Scroll            |     1 |       |     2 |       ||     3
       Potion            |       |       |       |     2 ||     2
 Stab: Paralysed         |       |       |     7 |       ||     7
Armor: Robe              |     8 |     4 |     6 |       ||    18
       Steam dragon scal |       |       |     7 |    19 ||    26
       Leather armour    |       |       |     3 |       ||     3
Dodge: Dodged            |    16 |    16 |    96 |    58 ||   186
       Rpst.: Falchion   |       |       |    22 |    16 ||    38

Table legend: (Time is in decaauts)
 A = Elapsed time spent in this place.
 B = Non-inter-level travel time spent in this place.
 C = Inter-level travel time spent in this place.
 D = Time resting spent in this place.
 E = Time spent auto-exploring this place.
 F = Levels seen in this place.
 G = Mean time per level.
                   A        B        C        D        E       F      G
               +--------+--------+--------+--------+--------+-----+--------+
         Total |  18251 |  17870 |    381 |  10966 |   4930 |   8 | 2281.4 |
       Dungeon |  18251 |  17870 |    381 |  10966 |   4930 |   8 | 2281.4 |
               +--------+--------+--------+--------+--------+-----+--------+

Top non-repeatable levels by time:
     D:4: 3085 daAuts
     D:7: 3042 daAuts
     D:8: 2546 daAuts
     D:5: 2261 daAuts
     D:3: 2204 daAuts
     D:6: 1952 daAuts
     D:1: 1644 daAuts
     D:2: 1514 daAuts
